 Dungeon Crawl Stone Soup version 0.30-a0-458-g86641cc369 (webtiles) character file.

Game seed: 12464738320409058350

181 HoaS the Skirmisher (level 5, -6/30 HPs)
             Began as a Kobold Hunter on Dec 14, 2022.
             Mangled by an orc
             ... wielding a +2 flail of holy wrath
              (9 damage)
             ... on level 4 of the Dungeon.
             The game lasted 00:04:03 (3007 turns).

HoaS the Skirmisher (Kobold Hunter)                 Turns: 3007, Time: 00:04:04

Health: -6/30      AC:  5    Str:  9    XL:     5   Next: 92%
Magic:  5/5        EV: 14    Int: 10    God:
Gold:   152        SH:  0    Dex: 20    Spells: 4/4 levels left

rFire   . . .      SeeInvis .    a - +0 shortbow (flame)
rCold   . . .      Faith    .    (shield currently unavailable)
rNeg    + . .      Spirit   .    c - +0 leather armour
rPois   .          Reflect  .    (no helmet)
rElec   .          Harm     .    (no cloak)
rCorr   .          Rampage  .    g - +1 pair of gloves
Will    .....                    (no boots)
Stlth   ++........               i - amulet of regeneration
HPRegen 1.05/turn                h - ring of positive energy
MPRegen 0.09/turn                (no ring)

@: confused
A: small, no large weapons, nightstalker 3
a: no special abilities


You were on level 4 of the Dungeon.
You visited 1 branch of the dungeon, and saw 4 of its levels.

You collected 152 gold pieces.

Inventory:

Hand Weapons
 a - a +0 shortbow of flaming (weapon)
Armour
 c - a +0 leather armour (worn)
 g - a +1 pair of gloves (worn)
Jewellery
 h - a ring of positive energy (left hand)
 i - an amulet of regeneration (around neck)
Wands
 j - a wand of flame (15)
Scrolls
 b - 2 scrolls of immolation
 d - 2 scrolls of magic mapping
 k - a scroll of teleportation
 l - a scroll of blinking
Potions
 e - 3 potions of curing
 f - a potion of haste {unknown}
 m - a potion of attraction
 n - a potion of ambrosia
 o - a potion of lignification {unknown}


   Skills:
 - Level 2.1 Fighting
 + Level 8.8 Ranged Weapons
 - Level 2.4 Dodging
 - Level 1.3 Stealth


You had 4 spell levels left.
You didn't know any spells.
Your spell library contained the following spells:

 Spells                   Type           Power      Damage    Failure   Level
 Foxfire                  Conj/Fire      0%         2x1d4     47%         1
 Freeze                   Ice            0%         1d3       47%         1
 Magic Dart               Conj           0%         1d3       47%         1
 Searing Ray              Conj           0%         2d4       63%         2
 Frozen Ramparts          Ice            0%         1d1       85%         3
 Hailstorm                Conj/Ice       0%         3d3       85%         3
 Fulminant Prism          Conj/Hex       0%         3d5       99%         4
 Fireball                 Conj/Fire      0%         3d3       100%        5
 Starburst                Conj/Fire      0%         6d3       100%        6


Dungeon Overview and Level Annotations

Branches:
Dungeon (4/15)
 Temple: D:4-7

Altars:
Ashenzari
Dithmenos
Vehumet


Innate Abilities, Weirdness & Mutations

You are small and have problems with some larger weapons.
You are completely attuned to the shadows.


Message History

The orc wizard hits you with a +0 dagger.
You completely miss the orc wizard.
The orc wizard is severely wounded.
The orc hits you with a +2 flail of holy wrath.
* * * LOW HITPOINT WARNING * * *
The orc wizard barely misses you. The orc hits you with a +0 club.
* * * LOW HITPOINT WARNING * * *
The orc closely misses you. The orc hits you but does no damage.
The orc wizard hits you with a +0 dagger.
* * * LOW HITPOINT WARNING * * *
You clumsily bash the orc but do no damage.
The orc hits you with a +2 flail of holy wrath.
* * * LOW HITPOINT WARNING * * *
The orc closely misses you.
The orc wizard hits you but does no damage.
You closely miss the orc wizard.
The orc wizard is severely wounded.
The orc wizard hits you with a +0 dagger.
* * * LOW HITPOINT WARNING * * *
The orc hits you with a +2 flail of holy wrath.
* * * LOW HITPOINT WARNING * * *
The orc barely misses you. The orc hits you with a +0 club.
* * * LOW HITPOINT WARNING * * *
The orc wizard hits you but does no damage.
The orc misses you.
You closely miss the orc wizard.
The orc wizard is severely wounded.
You feel less confused. The orc barely misses you.
The orc wizard points at you and mumbles some strange words.
You resist with some effort. The orc closely misses you.
You shoot an arrow. The arrow hits the orc wizard.
The arrow burns the orc wizard.
The orc wizard is almost dead.
The orc closely misses you. The orc wizard casts a spell at you.
You are confused.
The orc closely misses you.
The orc hits you with a +2 flail of holy wrath!
You die...

..# #.# #.#
#. ##o#...
.... #@o....
....##o#....
.....#..##...
.....#.## ...
.......# ..
......##
......#
###..## #..#


You could see an orc wizard and 2 orcs.

Vanquished Creatures
  A jelly (D:4)
  Terence (D:2)
  Natasha (twice) (D:2)
  4 adders (D:2)
  2 worms (D:2)
  5 endoplasms
  3 goblins
  5 hobgoblins
  A quokka (D:2)
  5 ball pythons
  3 bats (D:2)
  4 frilled lizards
  A kobold (D:3)
  6 rats
43 creatures vanquished.

Vanquished Creatures (others)
  A kobold (D:3)
  3 plants (D:2)
4 creatures vanquished.

Grand Total: 47 creatures vanquished

Notes
Turn   | Place    | Note
-------+----------+-------------------------------------------
     0 | D:1      | HoaS the Kobold Hunter began the quest for the Orb.
     0 | D:1      | Reached XP level 1. HP: 12/12 MP: 1/1
   207 | D:1      | Reached XP level 2. HP: 13/17 MP: 2/2
   596 | D:1      | Reached skill level 6 in Ranged Weapons
  1098 | D:2      | Reached XP level 3. HP: 21/21 MP: 3/3
  1229 | D:2      | Noticed Terence
  1253 | D:2      | Killed Terence
  1254 | D:2      | Reached skill level 7 in Ranged Weapons
  1254 | D:2      | Reached XP level 4. HP: 20/26 MP: 4/4
  1563 | D:2      | Noticed Natasha
  1567 | D:2      | Killed Natasha
  1568 | D:2      | Reached skill level 8 in Ranged Weapons
  1568 | D:2      | Reached XP level 5. HP: 24/30 MP: 5/5
  1606 | D:2      | Noticed Natasha
  1609 | D:2      | Killed Natasha
  1843 | D:3      | Found a broken altar of Ashenzari.
  2184 | D:3      | Found a shadowy altar of Dithmenos.
  2349 | D:3      | Found a radiant altar of Vehumet.
  3005 | D:4      | HP: 1/30 [orc/+0 club (1)]
  3007 | D:4      | Mangled by an orc

Illustrated notes

Levels and vault maps discovered:
D:1:      dpeg_arrival_signposts, layout_basic
D:2:      cheibrodos_old_hovel, layout_rooms, minmay_unequal, uniq_terence,
          uniq_natasha
D:3:      layout_basic, grunt_dithmenos_smoke_and_mirrors,
          mainiacjoe_overflow_catwalk, fiery_altar_vehumet
D:4:      layout_cave_pods

Skill      XL: |  1  2  3  4 |
---------------+-------------+-----
Ranged Weapons | 6 7 8 |  8.8
Fighting       | |  2.1
Dodging        | |  2.4
Stealth        | |  1.3

Action                   |  1- 3 |  4- 6 || total
-------------------------+-------+-------++-------
Melee: Shortbow          |       |     7 ||     7
 Fire: Shortbow          |    68 |    59 ||   127
  Use: Scroll            |     3 |     5 ||     8
Armor: Leather armour    |    12 |    11 ||    23
Dodge: Dodged            |    39 |    34 ||    73

Table legend: (Time is in decaauts)
 A = Elapsed time spent in this place.
 B = Non-inter-level travel time spent in this place.
 C = Inter-level travel time spent in this place.
 D = Time resting spent in this place.
 E = Time spent auto-exploring this place.
 F = Levels seen in this place.
 G = Mean time per level.
                   A        B        C        D        E       F      G
               +--------+--------+--------+--------+--------+-----+--------+
         Total |   3036 |   2851 |    185 |     78 |   2465 |   4 |  759.0 |
       Dungeon |   3036 |   2851 |    185 |     78 |   2465 |   4 |  759.0 |
               +--------+--------+--------+--------+--------+-----+--------+

Top non-repeatable levels by time:
     D:1: 1084 daAuts
     D:3: 1076 daAuts
     D:2: 748 daAuts
     D:4: 126 daAuts
